 Dungeon Crawl Stone Soup version 0.29.0-11-gd7f09526c8 (webtiles) character file.

Game seed: 2300219117190539375

262 robertstho the Ruffian (level 6, 0/33 HPs)
             Began as a Vine Stalker Berserker on Sept 2, 2022.
             Was a Believer of Trog.
             Succumbed to a gnoll's poison
             ... on level 4 of the Dungeon.
             The game lasted 00:04:02 (3303 turns).

robertstho the Ruffian (Vine Stalker Berserker)     Turns: 3303, Time: 00:04:02

Health: 0/33       AC: 11    Str: 22    XL:     6   Next: 18%
Magic:  5/7        EV:  8    Int:  7    God:    Trog [**....]
Gold:   175        SH:  0    Dex: 13    Spells: 5/5 levels left

rFire   . . .      SeeInvis .     - Unarmed
rCold   . . .      Faith    .   (no shield)
rNeg    + . .      Spirit   +   j - +0 chain mail
rPois   .          Reflect  .   i - +1 helmet
rElec   .          Harm     .   (no cloak)
rCorr   .          Rampage  .   (no gloves)
Will    .....                   (no boots)
Stlth   ..........              (no amulet)
HPRegen 0.91/turn               p - ring of positive energy
MPRegen 0.10/turn               (no ring)

@: lethally poisoned (0 -> -7), on berserk cooldown, slowed, very slow
A: fangs 2, regeneration 1, magic shield, antimagic bite, no potion heal 2
a: Renounce Religion, Berserk, Trog's Hand


You were on level 4 of the Dungeon.
You worshipped Trog.
Trog was pleased with you.
You visited 1 branch of the dungeon, and saw 4 of its levels.
You also visited: Sewer.

You collected 175 gold pieces.

Inventory:

Missiles
 k - a throwing net (quivered)
Armour
 i - a +1 helmet (worn)
 j - a +0 chain mail (worn)
Jewellery
 p - a ring of positive energy (left hand)
Wands
 q - a wand of acid (16)
Scrolls
 a - a scroll of enchant armour
 l - a scroll of teleportation {unknown}
 m - 2 scrolls of enchant weapon {unknown}
 o - a scroll of fog {unknown}
 r - a scroll of immolation
 t - a scroll of summoning {unknown}
Potions
 b - 5 potions of haste {unknown}
 c - 2 potions of invisibility {unknown}
 d - 2 potions of might {unknown}
 e - a potion of attraction {unknown}
 f - a potion of flight {unknown}
 g - 4 potions of brilliance {unknown}
 h - 4 potions of curing
 n - 2 potions of lignification {unknown}
 s - a potion of magic {unknown}
 u - 2 potions of heal wounds {unknown}


   Skills:
 * Level 3.6 Fighting
 + Level 2.6 Armour
 + Level 1.8 Dodging
 * Level 3.6 Stealth
 + Level 4.4 Unarmed Combat


You had 5 spell levels left.
You didn't know any spells.
Your spell library was empty.

Dungeon Overview and Level Annotations

Branches:
Dungeon (4/15)              Sewer (visited)
 Temple: D:4-7

Altars:
Elyvilon
Yredelemnul

Annotations:
D:3 2 transporters, videwesjr's ghost, weakling MfGl


Innate Abilities, Weirdness & Mutations

You have extremely sharp teeth.
Your natural rate of healing is unusually fast.
When hurt, damage is shared between your health and your magic reserves.
Your bite disrupts and absorbs the magic of your enemies.
Potions cannot restore your health.


Message History

You hit the gnoll. Your bite misses the gnoll.
The gnoll is heavily wounded.
You feel sick. The gnoll hits you but does no damage.
You punch the gnoll!
You kill the gnoll!
Trog accepts your kill.
You feel sick.
You barely miss the gnoll.
You feel sick. The gnoll barely misses you. The gnoll hits you with a +0 whip.
* * * LOW HITPOINT WARNING * * *
You barely miss the gnoll. Your bite misses the gnoll. You punch the gnoll!
The gnoll is almost dead.
You feel sick.
The gnoll bouda barks out a call to the hunt!
The gnolls pick up the pace!
The gnoll hits you but does no damage. x2
You are more poisoned.
You barely miss the gnoll. You bite the gnoll.
You kill the gnoll!
Trog accepts your kill.
You feel sick.
You barely miss the gnoll. Your bite misses the gnoll.
You feel sick.
The gnoll bouda barks out a call to the hunt!
The gnoll hits you from afar with a +2 spear of venom.
* * * LOW HITPOINT WARNING * * *
You are lethally poisoned!
The gnoll hits you with a +0 spear.
* * * LOW HITPOINT WARNING * * *
* * * LOW HITPOINT WARNING * * *
You feel very sick.
You feel a strong urge to attack something.
* * * LOW HITPOINT WARNING * * *
You feel very sick.
* * * LOW HITPOINT WARNING * * *
You feel sick.
You feel your anger nearly subside.
You are no longer berserk.
You are exhausted.
You feel yourself slow down.
You die...

##.......#....#...
##.##.^....###....
###........#......... #..)
#.............#..........
.###............##.........
..................#..........
...............##.#.........##
...................#.##.......#
#.............@................
#...............##........##.#.
##........##.......g.#....#...#
######....#....#g##......#...#
#....#.......#..g.g......
###.......###gg...g...#..
##.....## #g#......###. #....##
####...### ## ###### ##.## #


You could see 4 gnolls.

Vanquished Creatures
  A gnoll bouda (D:4)
  Ijyb (D:3)
  An orc wizard (D:3)
  5 gnolls (D:4)
  4 adders
  4 worms
  7 orcs (D:3)
  7 bats
  4 endoplasms
  5 giant cockroaches
  7 goblins
  4 hobgoblins
  2 jackals (D:1)
  23 kobolds
  2 quokkas
  4 ball pythons
  4 frilled lizards
  2 rats
87 creatures vanquished.

Notes
Turn   | Place    | Note
-------+----------+-------------------------------------------
     0 | D:1      | robertstho the Vine Stalker Berserker began the quest for
                  | the Orb.
     0 | D:1      | Reached XP level 1. HP: 11/11 MP: 2/2
   222 | D:1      | Reached XP level 2. HP: 11/16 MP: 3/3
   520 | D:1      | Reached skill level 1 in Stealth
   904 | D:1      | Reached XP level 3. HP: 18/20 MP: 4/4
  1668 | D:2      | Reached ** piety under Trog
  1902 | D:3      | Gained mutation: Your natural rate of healing is unusually
                  | fast. [Vine Stalker growth]
  1902 | D:3      | Reached XP level 4. HP: 24/24 MP: 2/5
  1972 | D:3      | Noticed Ijyb
  1986 | D:3      | Killed Ijyb
  2042 | D:3      | Found a transporter.
  2046 | D:3      | Noticed videwesjr's ghost (weakling MfGl)
  2071 | D:3      | Reached XP level 5. HP: 28/28 MP: 6/6
  2071 | D:3      | Found a transporter.
  2126 | D:3      | Found a basalt altar of Yredelemnul.
  2202 | D:3      | Found a white marble altar of Elyvilon.
  2454 | D:3      | Reached skill level 4 in Unarmed Combat
  2484 | D:3      | Found a glowing drain.
  2505 | Sewer    | Entered a sewer
  3217 | D:4      | Reached XP level 6. HP: 33/33 MP: 7/7
  3303 | D:4      | Succumbed to a gnoll's poison

Illustrated notes

Levels and vault maps discovered:
D:1:      dpeg_arrival_tiny_j, layout_basic
D:2:      layout_basic, serial_bayou_ford_a
D:3:      layout_basic, kennysheep_ying_yang, cheibrodos_sewer_entry_bend,
          gammafunk_ghost_stat_death, uniq_ijyb
D:4:      layout_cave_pools, mainiacjoe_overflow_concentric_impassable,
          serial_shops, shop_statue, minivault_27

Skill      XL: |  1  2  3  4  5 |
---------------+----------------+-----
Fighting       | 3 |  3.6
Stealth        | 1 2 3 |  3.6
Armour         | 2 |  2.6
Unarmed Combat | 4 |  4.4
Dodging        | |  1.8

Action                   |  1- 3 |  4- 6 || total
-------------------------+-------+-------++-------
Melee: Unarmed           |    95 |   164 ||   259
       Bite              |    15 |    30 ||    45
       Punch             |     1 |     2 ||     3
Invok: Berserk           |     1 |     4 ||     5
  Use: Scroll            |       |     5 ||     5
 Stab: Sleeping          |     5 |       ||     5
Armor: Animal skin       |    12 |       ||    12
       Chain mail        |    23 |   118 ||   141
Dodge: Dodged            |    53 |    55 ||   108
